 Dungeon Crawl Stone Soup version 0.17-a0-1310-gaf4f4d6 (console) character file.

895 Monkaria the Carver (level 7, -1/75 HPs)
             Began as a Demonspawn Chaos Knight on June 8, 2015.
             Slain by a sky beast (6 damage)
             ... on level 5 of the Dungeon.
             The game lasted 00:15:31 (6768 turns).

Monkaria the Carver (Demonspawn Chaos Knight)       Turns: 6768, Time: 00:15:31

Health: -1/75      AC: 23    Str: 15    XL:     7   Next: 78%
Magic:  6/6        EV:  2    Int: 11    God:    Xom [...*..]
Gold:   29         SH:  0    Dex: 14    Spells: 0 memorised, 6 levels left

rFire  . . .     SeeInvis .     a - +0 falchion (chaos)
rCold  . . .     Clarity  +     (armour currently unavailable)
rNeg   + + +     SustAt   .     (no shield)
rPois  +         Gourm    .     (helmet currently unavailable)
rElec  .         Spirit   .     (cloak currently unavailable)
rCorr  .         Warding  .     (gloves currently unavailable)
rMut   .         NoTele   +     (boots currently unavailable)
MR     +....                    (no amulet)
Stlth  +.........               (no ring)
                                t - ring of wizardry

@: tree-form, somewhat resistant to hostile enchantments, very unstealthy
A: (hooves 0), rugged brown scales 1, agile 1, clarity, (deformed body), dopey
1, frail 1, low mp 1, magic resistance 1, mutation resistance 1, (poison
resistance), powered by pain 1
a: Renounce Religion


You were on level 5 of the Dungeon.
You worshipped Xom.
You were a favourite toy of Xom.
You were hungry.
You were a tree.
You visited 2 branches of the dungeon, and saw 6 of its levels.
You also visited: Ossuary.

You collected 193 gold pieces.
You spent 164 gold pieces at shops.

Inventory:

Hand weapons
 a - a +0 falchion of chaos (weapon)
 j - a +5 broad axe of chopping
 y - a +0 blowgun
Missiles
 g - 7 needles of frenzy
 x - 37 poisoned needles
Armour
 b - a +3 leather armour (melded)
Jewellery
 t - a ring of wizardry (left branch)
Magical devices
 d - a wand of magic darts (10)
 n - a wand of enslavement (17)
Scrolls
 f - a scroll of teleportation
 h - a scroll of fog
 l - a scroll of enchant weapon
 m - 3 scrolls of remove curse
 p - 4 scrolls of fear {unknown}
 z - 6 scrolls of random uselessness {unknown}
 B - a scroll of immolation {unknown}
 H - a scroll of summoning {unknown}
 K - a scroll of amnesia
Potions
 c - 4 potions of curing
 e - a potion of might
 q - 2 potions of flight
 r - a potion of ambrosia
 s - 4 potions of lignification
 A - 2 potions of degeneration {unknown}
 C - 6 potions of poison {unknown}
 D - 2 potions of haste {unknown}
 E - a potion of agility {unknown}
 F - a potion of magic {unknown}
 G - a potion of cure mutation {unknown}
 I - a potion of invisibility {unknown}
Books
 i - a Grand Grimoire {highlevel, unknown}

   This book is beyond your current level of understanding.

   Spells                             Type                      Level
   a - Monstrous Menagerie            Summoning                    6
   b - Summon Greater Demon           Summoning                    7
   c - Malign Gateway                 Summoning/Translocation      7
   d - Summon Horrible Things         Summoning                    8
Miscellaneous
 w - a plain deck of summoning {drawn: 6}
Comestibles
 k - 5 bread rations
 v - 5 fruits
 J - a meat ration


   Skills:
 - Level 4.0 Fighting
 + Level 8.2 Long Blades
 - Level 1.7 Armour
 - Level 0.8 Dodging


You had 6 spell levels left.
You didn't know any spells.

Dungeon Overview and Level Annotations

Branches:
Dungeon (5/15)             Temple (1/1) D:4

Altars:
Ashenzari
Cheibriados
Dithmenos
Elyvilon
Fedhas
Gozag
Kikubaaqudgha
Nemelex Xobeh
Ru
Trog
Vehumet
Xom
Yredelemnul
The Shining One

Shops:
D:5 ?

Annotations:
D:4 Oper80's ghost, average DsFi


Innate Abilities, Weirdness & Mutations

((You have large cloven feet.))
(You are partially covered in rugged brown scales (AC +1, +3% HP).)
You sometimes gain a little power by taking damage.
You are agile. (Dex +2)
You possess an exceptional clarity of mind.
((Armour fits poorly on your strangely shaped body.))
You are dopey. (Int -2)
You are frail (-10% HP).
Your magical capacity is low (-10% MP).
You are resistant to hostile enchantments.
You are somewhat resistant to further mutation.
((Your system is resistant to poisons.))


Message History

No target in view!
No target in view!
No target in view!
You completely miss something. Your kick misses something. You miss something.
Something hits you. Something shocks you.
* * * LOW HITPOINT WARNING * * *
Your leather armour prevents you from hitting something.
Something hits you.
* * * LOW HITPOINT WARNING * * *
Something shocks you.
* * * LOW HITPOINT WARNING * * *
Drink which item? (? for menu, Esc to quit)
You turn into a tree.
Your +3 leather armour melds into your body.
Your roots penetrate the ground.
Something hits you but does no damage.
You closely miss something. Something hits you.
* * * LOW HITPOINT WARNING * * *
Something shocks you.
You die... "I guess I need a new plaything now."

..## #.## #..##
.## #.# ##.# .#
#)# ### ## #.# #
#.# #.# **** ##.#
***,,** #..#
***,,,,,**#.♣#
**,,,,,,,,*#.{#
*,,,,,,,,,,#<.#
*,,>,,,,,,,#..#
**,,,,,,,,,,...#
*,,,,,,,,,,....#
***,,,,,,,,,,.#..#
.**,,,,,,,,,.##..#
..*,,,,,,,,****,,*


There were no monsters in sight!

Vanquished Creatures
  2 crimson imps (D:5)
  2 hounds
  A human zombie (Ossuary)
  An orc priest (D:4)
  2 worker ants (D:4)
  2 orc wizards (D:4)
  2 big kobold zombies (Ossuary)
  A hound skeleton (D:4)
  6 mummies (Ossuary)
  3 gnolls (D:5)
  6 adders
  An adder (shapeshifter) (D:4)
  2 worms
  A giant gecko (D:3)
  14 orcs
  A ball python (D:5)
  19 goblins
  26 hobgoblins
  3 jackals
  A jackal (shapeshifter) (D:4)
  2 quokkas
  9 bats
  3 giant cockroaches
  3 giant newts
  A gnoll zombie (Ossuary)
  2 goblin zombies (Ossuary)
  A hobgoblin zombie (Ossuary)
  16 kobolds
  A kobold zombie (Ossuary)
  A quokka skeleton (D:5)
  9 rats
  A rat (shapeshifter) (D:2)
  2 rat zombies (D:5)
147 creatures vanquished.

Vanquished Creatures (collateral kills)
  Pikel (D:5)
  An orc (D:5)
  2 goblins (D:5)
  2 kobolds (D:5)
6 creatures vanquished.

Vanquished Creatures (others)
  The ghost of MUTANTIKUS the Slinger, an experienced HaHu (D:5)
  An ogre (D:5)
  3 slaves (D:5)
  A phantom (D:5)
  An orc (D:4)
7 creatures vanquished.

Grand Total: 160 creatures vanquished

Notes
Turn   | Place    | Note
--------------------------------------------------------------
     0 | D:1      | Monkaria the Demonspawn Chaos Knight began the quest for the Orb.
     0 | D:1      | Reached XP level 1. HP: 18/18 MP: 1/1
    72 | D:1      | XOM: harmless Chrm miscast
   100 | D:1      | XOM: divination: magic mapping
   167 | D:1      | Gained mutation: You have large cloven feet. [demonic ancestry]
   167 | D:1      | Reached XP level 2. HP: 24/24 MP: 2/2
   425 | D:1      | XOM: divination: detect creatures
   599 | D:2      | XOM: blink monster(s)
   609 | D:2      | Reached skill level 4 in Fighting
   636 | D:2      | Found an opulent altar of Gozag.
   672 | D:2      | XOM: silly message
   782 | D:2      | Gained mutation: You are partially covered in rugged brown scales (AC +1, +3% HP). [demonic ancestry]
   782 | D:2      | Reached XP level 3. HP: 16/30 MP: 3/3
  1147 | D:2      | XOM: 1-stop teleportation journey
  1192 | D:2      | Gained mutation: Your system is resistant to poisons. [mutagenic meat]
  1193 | D:2      | Gained mutation: Armour fits poorly on your strangely shaped body. [mutagenic meat]
  1195 | D:2      | Gained mutation: Your magical capacity is low (-10% MP). [mutagenic meat]
  1338 | D:2      | XOM: colour smoke trail
  1598 | D:3      | Reached XP level 4. HP: 19/38 MP: 3/3
  1656 | D:3      | XOM: stat loss: -1 Str (13/14)
  1683 | D:3      | XOM: 1-stop teleportation journey
  1903 | D:3      | Found a snail-covered altar of Cheibriados.
  1959 | D:3      | Found a shadowy altar of Dithmenos.
  2068 | D:3      | XOM: mild Divn miscast
  2288 | D:4      | Noticed Oper80's ghost (average DsFi)
  2290 | D:4      | XOM: polymorph adder -> bat
  2523 | D:3      | XOM: colour smoke trail
  2559 | D:3      | XOM: give mutations
  2559 | D:3      | Gained mutation: You are agile. (Dex +2) [Xom's mischief]
  2559 | D:3      | Gained mutation: You are dopey. (Int -2) [Xom's mischief]
  2559 | D:3      | Gained mutation: You are frail (-10% HP). [Xom's mischief]
  2559 | D:3      | Gained mutation: Scrolls take you a little longer to read. [Xom's mischief]
  2780 | D:4      | XOM: harmless Hex miscast
  2849 | D:4      | XOM: chaos cloud
  2858 | D:4      | XOM: confusion (+ monsters)
  2866 | D:4      | XOM: confusion
  2870 | D:4      | Paralysed by you for 7 turns
  2875 | D:4      | XOM: destruction
  2878 | D:4      | Reached XP level 5. HP: 39/39 MP: 4/4
  2906 | D:4      | Reached skill level 5 in Long Blades
  2913 | D:4      | XOM: confusion (+ monsters)
  2915 | D:4      | XOM: noise
  2916 | D:4      | XOM: confusion
  2930 | D:4      | XOM: polymorph scorpion -> giant eyeball
  2932 | D:4      | Paralysed by a giant eyeball for 3 turns
  2934 | D:4      | Noticed a steam dragon
  2934 | D:4      | a giant eyeball changed into a steam dragon
  2936 | D:4      | a steam dragon changed into an iguana
  3102 | D:4      | XOM: harmless Air miscast
  3117 | D:4      | Gained mutation: You sometimes gain a little power by taking damage. [demonic ancestry]
  3117 | D:4      | Reached XP level 6. HP: 21/44 MP: 5/5
  3619 | D:4      | Found a staircase to the Ecumenical Temple.
  3656 | D:4      | Reached skill level 6 in Long Blades
  3866 | D:4      | XOM: mild Pois miscast
  3876 | Temple   | Entered the Ecumenical Temple
  3979 | D:4      | XOM: confuse monster(s)
  4068 | D:3      | XOM: harmless Necr miscast
  4261 | D:4      | XOM: cast spell 'Confusing Touch'
  4265 | D:4      | HP: 1/44 [Oper80's ghost (14)]
  4315 | D:3      | XOM: colour smoke trail
  4670 | D:5      | Entered Level 5 of the Dungeon
  4682 | D:5      | Found a sand-covered staircase.
  4719 | D:5      | Noticed Pikel
  4725 | D:5      | Noticed MUTANTIKUS's ghost (experienced HaHu)
  4741 | Ossuary  | Entered an ossuary
  4770 | Ossuary  | XOM: harmless Divn miscast
  4978 | Ossuary  | XOM: silly message
  5087 | Ossuary  | XOM: 1-stop teleportation journey
  5115 | Ossuary  | XOM: give mutations
  5115 | Ossuary  | Gained mutation: You are somewhat resistant to further mutation. [Xom's grace]
  5115 | Ossuary  | Gained mutation: You are resistant to hostile enchantments. [Xom's grace]
  5115 | Ossuary  | Lost mutation: Scrolls take you a little longer to read. [Xom's grace]
  5465 | Ossuary  | XOM: mild Ice miscast
  5572 | D:5      | Identified a scroll of acquirement
  5576 | D:5      | XOM: enchant monster (bad)
  5584 | D:5      | Killed Pikel
  5584 | D:5      | Reached skill level 7 in Long Blades
  5584 | D:5      | Reached XP level 7. HP: 18/50 MP: 6/6
  5698 | D:5      | XOM: cast spell 'Stoneskin'
  5703 | D:5      | XOM: cast spell 'Confusing Touch'
  5742 | D:5      | XOM: silly message
  5751 | D:5      | XOM: mild Divn miscast
  5764 | D:5      | XOM: summons friendly shadow imp
  5850 | D:4      | XOM: vitrification
  5883 | D:5      | Killed MUTANTIKUS's ghost
  5883 | D:5      | XOM: divine lightning (protected)
  6076 | D:5      | XOM: polymorph goblin -> rat
  6077 | D:5      | XOM: confusion (+ monsters)
  6117 | D:5      | XOM: noise
  6128 | D:5      | XOM: summons friendly iron imp
  6143 | D:5      | Reached skill level 8 in Long Blades
  6156 | D:5      | XOM: smoke on damage
  6292 | D:5      | XOM: colour smoke trail
  6465 | D:5      | XOM: give mutation
  6465 | D:5      | Gained mutation: You possess an exceptional clarity of mind. [Xom's grace]
  6583 | D:5      | Found Duupp's Magic Scroll Shop.
  6588 | D:5      | Bought a scroll of enchant weapon for 112 gold pieces
  6588 | D:5      | Bought a scroll of amnesia for 52 gold pieces
  6768 | D:5      | Slain by a sky beast

Vault maps used:
D:1:      ncdulo_halloftheorcs
D:2:      minmay_strange_pillars, hangedman_abyss_or_decor_lesser_grid,
          kennysheep_minor_cross, grunt_gozag_breadcrumbs
D:3:      grunt_dithmenos_smoke_and_mirrors, cheibriados_altar_1
D:4:      minmay_temple_entry_glass, amalloy_card_club
D:5:      corexii_shantytown, serial_shops, kennysheep_little_box,
          enter_ossuary_4, first_bread, minivault_23, uniq_pikel
Temple:   circular_temple_12
Ossuary:  ossuary_crypta

Action                   |  1- 3 |  4- 6 |  7- 9 || total
-------------------------+-------+-------+-------++-------
Melee: Falchion          |   140 |   309 |   127 ||   576
Evoke: Deck              |       |     6 |       ||     6
  Use: Potion            |       |     3 |     5 ||     8
       Scroll            |       |     8 |     3 ||    11
 Stab: Sleeping          |     1 |     1 |       ||     2
       Paralysed         |       |     1 |       ||     1
       Confused          |       |     3 |     2 ||     5
       Petrifying        |       |     1 |     1 ||     2
  Eat: Chunk             |     6 |     8 |     4 ||    18
       Fruit             |       |     1 |       ||     1
       Bread ration      |       |     1 |       ||     1
